 Dungeon Crawl Stone Soup version 0.17-a0-2122-g03d97ec (webtiles) character file.

105 Maka the Ruffian (level 4, -1/35 HPs)
             Began as a Draconian Transmuter on Oct 21, 2015.
             Slain by Natasha (6 damage)
             ... on level 2 of the Dungeon.
             The game lasted 00:03:40 (1709 turns).

Maka the Ruffian (Draconian Transmuter)             Turns: 1709, Time: 00:03:40

Health: -1/35      AC:  6    Str: 18    XL:     4   Next: 54%
Magic:  7/7        EV: 12    Int: 15    God:
Gold:   115        SH:  0    Dex: 12    Spells: 3 memorised, 1 level left

rFire  . . .     SeeInvis .       - Unarmed
rCold  . . .     Clarity  .     (armour unavailable)
rNeg   . . .     SustAt   .     (no shield)
rPois  .         Gourm    .     (helmet restricted)
rElec  .         Spirit   .     (no cloak)
rCorr  .         Warding  .     q - +0 pair of gloves
rMut   .         Stasis   .     (no boots)
MR     .....                    p - amulet of rage
Stlth  +.........               (no ring)
                                n - +2 ring of intelligence

@: mighty, slowed, very slow, not resistant to hostile enchantments, very
unstealthy
A: unfitting armour, cold-blooded, AC +5
a: Evoke Berserk Rage


You were on level 2 of the Dungeon.
You were not hungry.

You visited 1 branch of the dungeon, and saw 2 of its levels.

You collected 115 gold pieces.

Inventory:

Missiles
 a - 12 arrows
Armour
 q - a +0 pair of gloves (worn)
Jewellery
 n - a +2 ring of intelligence (left hand)
 p - an amulet of rage (around neck)
Scrolls
 h - a scroll of remove curse {unknown}
 i - a scroll of enchant armour {unknown}
 m - a scroll of enchant weapon {unknown}
 o - 2 scrolls of identify {unknown}
Potions
 d - a potion of flight {unknown}
 e - 2 potions of agility {unknown}
 g - 2 potions of curing
 j - a potion of heal wounds {unknown}
 l - a potion of might
 s - 2 potions of resistance {unknown}
Books
 b - a book of Changes

   Spells                             Type                      Level
   a - Beastly Appendage              Transmutation                1
   b - Sticks to Snakes               Transmutation                2
   c - Spider Form                    Transmutation/Poison         3
   d - Ice Form                       Ice/Transmutation            4
   e - Blade Hands                    Transmutation                5
Comestibles
 c - 2 bread rations
 f - a beef jerky
 k - a meat ration
 r - 2 chunks of flesh


   Skills:
 - Level 1.1 Fighting
 + Level 2.1 Dodging
 - Level 5.2 Unarmed Combat
 - Level 2.0 Spellcasting
 - Level 2.0 Transmutations


You had one spell level left.
You knew the following spells:

 Your Spells              Type           Power        Failure   Level  Hunger
a - Beastly Appendage     Trmt           #.....       12%         1    #......
b - Sticks to Snakes      Trmt           #.........   14%         2    ###....
c - Spider Form           Trmt/Pois      #.........   43%         3    ###....


Dungeon Overview and Level Annotations

Branches:
Dungeon (2/15)

Altars:
Trog

Annotations:
D:2 Natasha


Innate Abilities, Weirdness & Mutations

Your plain brown scales are hard (AC +5).
Your body does not fit into most forms of armour.
You are cold-blooded and may be slowed by cold attacks.


Message History

Natasha claws you.
* * * LOW HITPOINT WARNING * * *
The crimson imp closely misses you.
You hit Natasha.
Natasha is heavily wounded.
Natasha stares at you and mumbles some strange words.
You resist with some effort.
The crimson imp hits you but does no damage.
Natasha stares at you and mumbles some strange words.
You resist with some effort.
You closely miss Natasha.
Natasha is heavily wounded.
The crimson imp closely misses you. Natasha closely misses you.
The crimson imp shouts, "Slither home, thou baffled clay-brained prigger-of-prances!"
The crimson imp barely misses you.
Drink which item? (? for menu, Esc to quit)
It was a potion of might.
You feel very mighty all of a sudden. Natasha claws you.
You die...

#.#.#.#.#.#.###
#...........
..............#
#...........
.#.#.#.#.#.#..##
#...........
.....†.........#
###...........
#.#.#.#.#.#.#..###
#..........'##
.................#
#..........'.#
.#.#.#.#.#.#.#.#.#
#..(.......#.#
..(............#5#
#..(.......#..
#.#.#.#.#.#.#..#@#
#.....(....##.
...............#h#
#..........##.
.#.#.#.#.#.#...#5#
#.......(..###
............##+#5#
#.........)# #
#.#.#.#.#.#......#
#########'## #
.................#
#.# #
.#.#.#.#.#.......#
#.# #
.................#
#.# #
#.#.#.#.#.......
#)# #


You could see an iron imp, Natasha and 2 crimson imps.

Vanquished Creatures
  Ijyb (D:2)
  4 adders
  A worm (D:2)
  A giant gecko (D:2)
  4 bats
  2 giant cockroaches (D:1)
  3 hobgoblins (D:1)
  6 jackals
  A ball python (D:2)
  A giant newt (D:1)
  5 goblins (D:1)
  5 kobolds
  5 rats
39 creatures vanquished.

Notes
Turn   | Place    | Note
--------------------------------------------------------------
     0 | D:1      | Maka the Draconian Transmuter began the quest for the Orb.
     0 | D:1      | Reached XP level 1. HP: 16/16 MP: 3/3
   310 | D:1      | Reached XP level 2. HP: 12/23 MP: 5/5
   478 | D:1      | Reached skill level 4 in Unarmed Combat
   522 | D:1      | Reached XP level 3. HP: 9/28 MP: 4/6
   784 | D:1      | Learned a level 2 spell: Sticks to Snakes
   788 | D:1      | Learned a level 3 spell: Spider Form
  1359 | D:2      | Found a bloodstained altar of Trog.
  1399 | D:2      | Noticed Ijyb
  1438 | D:2      | Killed Ijyb
  1438 | D:2      | Reached skill level 5 in Unarmed Combat
  1438 | D:2      | Reached XP level 4. HP: 20/35 MP: 7/7
  1689 | D:2      | Noticed Natasha
  1709 | D:2      | Slain by Natasha

Vault maps used:
D:1:      minmay_arrival_widening_spiral_wide
D:2:      corexii_corridor_pit, hex_large, trog_book, uniq_natasha, uniq_iyjb

Action                   |  1- 3 |  4- 6 || total
-------------------------+-------+-------++-------
Melee: Unarmed           |   158 |    40 ||   198
 Cast: Beastly Appendage |     5 |     3 ||     8
  Use: Potion            |     1 |     1 ||     2
 Stab: Sleeping          |     1 |       ||     1
  Eat: Chunk             |     2 |     1 ||     3
